 Dungeon Crawl Stone Soup version 0.19-a0-32-gbfd796a (webtiles) character file.

9 M4edhros the Grave Robber (level 2, -3/17 HPs)
             Began as an Octopode Necromancer on May 2, 2016.
             Killed from afar by a dart slug (6 damage)
             ... with a slug dart
             ... on level 3 of the Dungeon.
             The game lasted 00:01:17 (192 turns).

M4edhros the Grave Robber (Octopode Necromancer)     Turns: 192, Time: 00:01:17

Health: -3/17      AC:  1    Str:  7    XL:     2   Next: 12%
Magic:  3/5        EV: 12    Int: 17    God:
Gold:   27         SH:  0    Dex: 12    Spells: 1 memorised, 4 levels left

rFire  . . .     SeeInvis .       - Unarmed
rCold  . . .     Gourm    .     (no shield)
rNeg   . . .     Faith    .     (helmet restricted)
rPois  .         Spirit   .     (no amulet)
rElec  .         Dismiss  .     (no ring)
rCorr  .         Reflect  .     (no ring)
SustAt .         Harm     .     (no ring)
MR     .....                    (no ring)
Stlth  +++.......               (no ring)
                                (no ring)
                                (no ring)
                                (no ring)

@: not resistant to hostile enchantments, fairly stealthy
A: almost no armour, amphibious, 8 rings, constrict 8, camouflage 1, gelatinous
body 1
a: no special abilities


You were on level 3 of the Dungeon.
You were not hungry.

You visited 1 branch of the dungeon, and saw 3 of its levels.

You collected 27 gold pieces.

Inventory:

Missiles
 f - 13 sling bullets
 g - 53 stones (quivered)
Scrolls
 c - 2 scrolls of teleportation {unknown}
 e - a scroll of blinking {unknown}
 h - a scroll of remove curse {unknown}
 i - a scroll of identify {unknown}
 j - a scroll of enchant armour {unknown}
Books
 a - a book of Necromancy

   Spells                             Type                      Level
   a - Pain                           Necromancy                   1
   b - Animate Skeleton               Necromancy                   1
   c - Vampiric Draining              Necromancy                   3
   d - Regeneration                   Charms/Necromancy            3
   e - Animate Dead                   Necromancy                   4
   f - Control Undead                 Necromancy                   4
Comestibles
 b - 2 bread rations
 d - 3 fruits


   Skills:
 - Level 2.0 Dodging
 - Level 2.6 Stealth
 + Level 1.7 Unarmed Combat
 - Level 2.0 Spellcasting
 - Level 4.0 Necromancy


You had 4 spell levels left.
You knew the following spells:

 Your Spells              Type           Power        Failure   Level  Hunger
a - Pain                  Necr           ###.         3%          1    #......


Dungeon Overview and Level Annotations

Branches:
Dungeon (3/15)

Altars:


Innate Abilities, Weirdness & Mutations

You cannot wear most types of armour.
You are amphibious.
You can wear up to eight rings at the same time.
You can use your tentacles to constrict eight enemies at once.
Your skin changes colour to match your surroundings (Stealth).
Your rubbery body absorbs attacks (AC +1).


Message History

Confirm with . or Enter, or press ? or * to list all spells.
You can't see any susceptible monsters within range! (Use Z to cast anyway.)
Found 26 stones.
g - 53 stones (gained 26)
A dart slug comes into view.
Casting: Pain
Confirm with . or Enter, or press ? or * to list all spells.
Aiming: Pain
Press: ? - help, Shift-Dir - straight line, f - dart slug
Aim: a dart slug (clinging, chance to defeat MR: 92%)
The dart slug convulses in agony!
Casting: Pain
Confirm with . or Enter, or press ? or * to list all spells.
Aiming: Pain
Press: ? - help, Shift-Dir - straight line, f/p - dart slug
Aim: a dart slug (moderately wounded, clinging, chance to defeat MR: 92%)
The dart slug barely resists.
The dart slug launches a dart at you. The slug dart hits you!
You die...

........# #.#
#.## ###.#####
#.# #..# #.#
#.# ##.# #.#
#.# #.# #.. ..#
#.# ... ### #.#
.... #.# #.#
#@#
............w..
###...#.#######
##.##.# ## #.#
#.# ..# ###


You could see a dart slug.

Vanquished Creatures
  A dart slug (D:2)
  A goblin (D:1)
  2 hobgoblins
  A kobold (D:2)
  A bat (D:2)
6 creatures vanquished.

Notes
Turn   | Place    | Note
--------------------------------------------------------------
     0 | D:1      | M4edhros the Octopode Necromancer began the quest for the Orb.
     0 | D:1      | Reached XP level 1. HP: 11/11 MP: 3/3
    71 | D:2      | Reached skill level 1 in Unarmed Combat
   108 | D:2      | Reached XP level 2. HP: 1/17 MP: 0/5
   192 | D:3      | Killed from afar by a dart slug

Vault maps used:
D:1:      mrwooster_arrival_statue
D:2:      ecumenical_altar_2, uniq_iyjb
D:3:      first_bread

Skill      XL: |  1 |
---------------+----+-----
Unarmed Combat | 1 |  1.7
Dodging        | |  2.0
Stealth        | |  2.6
Spellcasting   | |  2.0
Necromancy     | |  4.0

Action                   || total
-------------------------++-------
Melee: Unarmed           ||     6
       Constrict         ||     2
 Cast: Pain              ||    10
  Use: Potion            ||     1
 Stab: Sleeping          ||     1
Dodge: Dodged            ||     5
